 Dungeon Crawl Stone Soup version 0.31-a0-43-g46d131a48f (webtiles) character file.

Game seed: 9853966868914499551

113435 pk666 the Eclecticist (level 16, -3/76 HPs)
             Began as a Deep Elf Fire Elementalist on May 19, 2023.
             Was an Elder of Vehumet.
             Slain by a deep elf demonologist
             ... wielding a +2 long sword of draining
              (7 damage)
             ... on level 2 of the Elven Halls.
             The game lasted 02:36:17 (39422 turns).

pk666 the Eclecticist (Deep Elf Fire Elementalist) Turns: 39422, Time: 02:36:32

Health: -3/76      AC: 11    Str: 16    XL:     16   Next: 14%
Magic:  32/49      EV: 21    Int: 29    God:    Vehumet [****..]
Gold:   1724       SH:  5    Dex: 15    Spells: 6/51 levels left

rFire   . . .        l - +5 demon whip of Xom's Indignation {heavy, Str+2 SInv Stlth+}
rCold   . . .        (no shield)
rNeg    . . .        Q - +2 robe of Igettastargh {*Corrode rPois Str+6}
rPois   +            (no helmet)
rElec   .            z - +1 cloak
rCorr   .            J - +2 pair of gloves {Str+3}
SInv    +            R - +1 pair of boots {Stlth+}
Will    +....        s - amulet of reflection
Stlth   ++++         c - ring of magical power
HPRegen 0.32/turn    g - ring of wizardry
MPRegen 0.31/turn

%: corrode self (3%), reflection, wizardry (x1)
@: slowed, very slow
A: no striking features
a: Renounce Religion


You were on level 2 of the Elven Halls.
You worshipped Vehumet.
Vehumet was greatly pleased with you.
You visited 7 branches of the dungeon, and saw 26 of its levels.

You collected 2376 gold pieces.
You spent 652 gold pieces at shops.

Inventory:

Hand Weapons
 l - the +5 demon whip of Xom's Indignation (weapon) {heavy, Str+2 SInv Stlth+}
   (You acquired it on level 5 of the Lair of Beasts)

   Str:       It affects your strength (+2).
   SInv:      It lets you see invisible.
   Stlth:     It makes you more stealthy.
 O - the +8 arbalest of Woe {speed, rElec rN++}
   (You found it on level 7 of the Dungeon)

   rElec:     It insulates you from electricity.
   rN:        It greatly protects you from negative energy.
Armour
 z - a +1 cloak (worn)
 A - the +1 robe "Ynyoc" {rElec rC- Str+4 Dex+3}
   (You bought it in a shop on level 2 of the Orcish Mines)

   Str:       It affects your strength (+4).
   Dex:       It affects your dexterity (+3).
   rC:        It makes you vulnerable to cold.
   rElec:     It insulates you from electricity.
 E - the +2 robe "Veta" {Rampage Int+3 Dex-5}
   (You bought it in a shop on level 2 of the Orcish Mines)

   Int:       It affects your intelligence (+3).
   Dex:       It affects your dexterity (-5).
   Rampage:   It bestows one free step when moving towards enemies.
 J - a +2 pair of gloves of strength (worn)
 P - a +2 robe of fire resistance
 Q - the +2 robe of Igettastargh (worn) {*Corrode rPois Str+6}
   (You bought it in a shop on level 3 of the Dungeon)

   Str:       It affects your strength (+6).
   rPois:     It protects you from poison.
   *Corrode:  It may corrode you when you take damage.
 R - a +1 pair of boots of stealth (worn)
Magical Staves
 V - a staff of cold
Jewellery
 a - an amulet of faith
 c - a ring of magical power (left hand)
 f - an amulet of guardian spirit
 g - a ring of wizardry (right hand)
 s - an amulet of reflection (around neck)
 u - a ring of resist corrosion
 w - an amulet of the acrobat
 F - a ring of ice
 M - a +6 ring of intelligence
 W - a ring of protection from cold
 X - a +6 ring of intelligence
Wands
 j - a wand of mindburst (5)
 q - a wand of roots (9)
 t - a wand of polymorph (36)
 G - a wand of charming (9)
 L - a wand of digging (4)
 U - a wand of flame (24)
Scrolls
 b - 3 scrolls of enchant weapon
 d - 3 scrolls of poison
 e - a scroll of silence
 m - 8 scrolls of teleportation
 n - 3 scrolls of enchant armour
 p - 3 scrolls of fog
 r - a scroll of brand weapon
 v - 2 scrolls of amnesia
 x - 2 scrolls of butterflies
 y - 3 scrolls of fear
 C - 2 scrolls of magic mapping
 N - 3 scrolls of identify
Potions
 h - 15 potions of curing
 k - 4 potions of mutation
 o - a potion of brilliance
 B - 9 potions of flight
 D - 3 potions of might
 H - 2 potions of haste
 I - 2 potions of ambrosia
 K - 7 potions of lignification
 S - a potion of cancellation
Miscellaneous
 T - a phantom mirror


   Skills:
 + Level 16.7 Dodging
 - Level 2.4 Stealth
 + Level 18.1 Spellcasting
 * Level 15.4 Conjurations
 + Level 15.7 Fire Magic
 - Level 5.0 Ice Magic
 - Level 5.0 Air Magic
 - Level 5.1 Earth Magic
 - Level 5.0 Poison Magic


You had 6 spell levels left.
You knew the following spells:

 Your Spells              Type           Power      Damage    Failure   Level
a - Foxfire               Conj/Fire      100%       2x1d9     0%          1
b - Scorch                Fire           100%       2d9       0%          2
c - Flame Wave            Conj/Fire      86%        2d18      1%          4
d - Mephitic Cloud        Conj/Pois/Air  66%        N/A       1%          3
e - Freezing Cloud        Conj/Ice/Air   33%        6-21      1%          5
f - Starburst             Conj/Fire      43%        6d12      1%          6
g - Olgreb's Toxic Radia  Pois           53%        N/A       1%          4
h - Ignite Poison         Fire/Tmut/Pois 61%        N/A       1%          3
i - Lee's Rapid Deconstr  Erth           27%        3d14*     1%          5
j - Orb of Destruction    Conj           43%        9d12      1%          7
z - Fireball              Conj/Fire      43%        3d17      1%          5

Your spell library contained the following spells:

 Spells                   Type           Power      Damage    Failure   Level
 Magic Dart               Conj           100%       1d8       0%          1
 Sting                    Tmut/Pois      100%       1d8       1%          1
 Call Imp                 Summ           52%        N/A       1%          2
 Poisonous Vapours        Pois/Air       100%       N/A       1%          2
 Dazzling Flash           Conj/Hex       100%       N/A       1%          3
 Inner Flame              Hex/Fire       64%        N/A       1%          3
 Ozocubu's Armour         Ice            53%        N/A       1%          3
 Tukima's Dance           Hex            26%        N/A       1%          3
 Volatile Blastmotes      Fire/Tloc      100%       2d18      1%          3
 Fulminant Prism          Conj/Hex       31%        3d15      1%          4
 Iskenderun's Mystic Bla  Conj/Tloc      63%        2d13      1%          4
 Summon Ice Beast         Ice/Summ       40%        N/A       2%          4
 Yara's Violent Unravell  Hex/Tmut       13%        3d7       5%          5
 Passage of Golubria      Tloc           26%        N/A       6%          4
 Metabolic Englaciation   Hex/Ice        20%        N/A       6%          5
 Summon Mana Viper        Hex/Summ       26%        N/A       17%         5
 Simulacrum               Ice/Necr       20%        N/A       32%         6
 Summon Cactus Giant      Summ           13%        N/A       65%         6
 Monstrous Menagerie      Summ           13%        N/A       99%         7


Dungeon Overview and Level Annotations

Branches:
Dungeon (14/15)            Temple (1/1) D:4            Lair (5/5) D:10
  Swamp (0/4) Lair:3       Spider (1/4) Lair:3        Slime (1/5) Lair:4
    Orc (2/2) D:11            Elf (2/3) Orc:2
 Vaults: D:13-14

Altars:
Ashenzari
Cheibriados
Dithmenos
Elyvilon
Fedhas
Gozag
Hepliaklqana
Kikubaaqudgha
Makhleb
Nemelex Xobeh
Okawaru
Qazlal
Ru
Sif Muna
Trog
Uskayaw
Vehumet
Wu Jian
Xom
Yredelemnul
Zin
The Shining One
Jiyva

Shops:
D:3 [**   D:8 =**   D:9 =   D:11 (   Orc:2 ([=[[

Annotations:
D:7 3 runed translucent doors, PaleRider's ghost, novice OpTm; Xtruder99's ghost, novice OpFi
D:14 Frances
Spider:1 Mlioglotl


Message History

The Ice Fiend gestures at you. The bolt of cold misses you.
The orc high priest prays to Beogh.
A deep elf archer comes into view. It is wielding a +0 dagger.
Okay, then.
Blink to where?
Press: ? - help, Dir - move target
As you read the scroll of blinking, it crumbles to dust.
The deep elf demonologist seems less confused.
Press: ? - help, v - describe, . - travel
Here: an Ice Fiend (noxious fumes, severely wounded, summoned)
The floor.
Okay, then.
Casting: Starburst (safe; 1% risk of failure)
Confirm with . or Enter, or press ? or * to list all spells.
You ignite the poison in your surroundings!
The deep elf archer shouts!
A deep elf archer comes into view. It is wielding a +2 dagger of venom.
The deep elf archer gestures wildly while chanting.
The deep elf archer blinks!
The Ice Fiend is engulfed in blazing flames.
The Ice Fiend calls on the powers of darkness!
The deep elf demonologist convulses!
Your body is wracked with pain!
* * * LOW HITPOINT WARNING * * *
The deep elf archer convulses!
The Ice Fiend is engulfed in blazing flames.
Okay, then.
As you read the scroll of fear, it crumbles to dust.
You assume a fearsome visage.
The Ice Fiend is unaffected.
The deep elf archer looks frightened!
The deep elf demonologist easily resists.
The deep elf archer resists with almost no effort.
The orc high priest looks frightened!
The Ice Fiend calls on the powers of darkness!
Your body is wracked with pain!
* * * LOW HITPOINT WARNING * * *
The deep elf demonologist convulses!
The orc high priest convulses!
The deep elf archer convulses! x2
The deep elf demonologist hits you with a +2 long sword of draining!
You die...

#.# ##...# +# #.#
##'#### #.#
#.###.## #.#
#.##.## #e##'#e##
#'#..)##
...#######.○☼..##
e.)4o)..')○☼°§e.#
..4#########1.@.#
#####...#
##....#.##
##......##
#........#
#........#
#........#
#......###
##...).#


You could see an Ice Fiend (summoned), a deep elf demonologist and 2 deep elf
archers.

Vanquished Creatures
  Rupert (D:13)
  Kirke (Lair:4)
  A deep elf sorcerer (Elf:2)
  A ghost moth (Spider:1)
  A broodmother (Spider:1)
  A deep elf demonologist (Elf:2)
  A deep elf annihilator (Elf:1)
  Snorg (Orc:2)
  Azrael (Orc:2)
  A fire dragon (D:14)
  Josephine (Lair:4)
  An entropy weaver (Spider:1)
  A deep elf high priest (Elf:1)
  3 hydras
  Erica (Lair:1)
  4 boulder beetles
  2 centaur warriors
  3 catoblepae
  9 dancing weapons
  7 two-headed ogres
  6 death yaks (Lair:5)
  4 orc high priests (Orc:2)
  Sonja (D:10)
  2 deep elf knights (Elf:1)
  A fire crab (Lair:3)
  A skyshark (Lair:4)
  2 orb spiders (Spider:1)
  Pikel (D:4)
  5 deep elf archers
  5 orc knights (Orc:2)
  11 deep elf zephyrmancers
  6 wolf spiders
  9 deep elf pyromancers
  7 orc sorcerers
  4 ugly things
  8 oklob plants
  2 cyclopes (D:11)
  A moth of wrath (Spider:1)
  A guardian serpent (Lair:5)
  3 manticores (D:14)
  5 elephants (Lair:4)
  A guardian serpent (shapeshifter) (Elf:1)
  10 black mambas
  Maurice (Orc:2)
  2 demonic crawlers (Spider:1)
  A gargoyle (D:11)
  19 cane toads
  7 komodo dragons
  An efreet (D:13)
  A kobold demonologist (D:10)
  2 rime drakes
  3 trolls
  2 hornets (Lair:5)
  6 tarantellas (Spider:1)
  A tarantella (shapeshifter) (D:14)
  A tyrant leech (Lair:3)
  4 polar bears
  13 blink frogs
  13 dream sheep (Lair:3)
  An air elemental (Elf:2)
  6 slime creatures (D:12)
  5 jumping spiders
  41 yaks
  5 culicivoras (Spider:1)
  18 wyverns
  7 wraiths
  2 shadows
  A human (Lair:4)
  4 basilisks
  2 fire elementals
  A redback (shapeshifter) (Elf:2)
  6 vampire mosquitoes
  A water elemental (Elf:1)
  5 hogs (Lair:4)
  4 chaos spawn (Elf:2)
  9 redbacks
  2 swamp worms (Lair:3)
  3 wargs
  2 acid dragons
  3 hell hounds (Orc:2)
  26 water moccasins
  26 orc warriors
  2 ice beasts (D:6)
  4 sky beasts
  7 centaurs
  5 wolves (Lair:4)
  11 ogres
  2 phantoms
  Blork the orc (D:6)
  13 bullfrogs
  2 gnoll sergeants
  A kobold brigand (D:9)
  4 scorpions
  5 killer bees (D:8)
  4 howler monkeys
  5 jellies
  3 hounds (D:5)
  3 gnoll boudas
  10 orc priests
  Jessica (D:2)
  5 iguanas
  23 orc wizards
  22 gnolls
  9 adders
  A white imp (D:7)
  4 worms
  2 dart slugs
  56 orcs
  11 ball pythons
  6 bats
  7 endoplasms
  A giant cockroach (D:1)
  7 goblins
  6 hobgoblins
  3 jackals (D:4)
  11 kobolds
  3 quokkas
  4 frilled lizards
  14 rats
673 creatures vanquished.

Vanquished Creatures (collateral kills)
  4 foxfires
4 creatures vanquished.

Vanquished Creatures (others)
  538 foxfires
538 creatures vanquished.

Grand Total: 1215 creatures vanquished

Notes
Turn   | Place    | Note
-------+----------+-------------------------------------------
     0 | D:1      | pk666 the Deep Elf Fire Elementalist began the quest for
                  | the Orb.
     0 | D:1      | Reached XP level 1. HP: 10/10 MP: 6/6
   201 | D:1      | Reached XP level 2. HP: 15/15 MP: 5/8
   204 | D:1      | Learned a level 2 spell: Scorch
   988 | D:1      | Reached XP level 3. HP: 19/19 MP: 10/10
  1472 | D:2      | Reached XP level 4. HP: 24/24 MP: 10/11
  1595 | D:2      | Learned a level 4 spell: Flame Wave
  1600 | D:2      | Found a faded altar of an unknown god.
  1637 | D:2      | Noticed Jessica
  1641 | D:2      | Killed Jessica
  1642 | D:2      | Reached skill level 4 in Spellcasting
  2125 | D:3      | Reached XP level 5. HP: 28/28 MP: 10/13
  2297 | D:3      | Found Ronemat's Assorted Antiques.
  2313 | D:3      | Learned a level 3 spell: Mephitic Cloud
  2358 | D:3      | Found Idghe's Assorted Antiques.
  2376 | D:3      | Found a hazy altar of Hepliaklqana.
  2740 | D:3      | Found Diheimnouff's Antique Armour Boutique.
  2804 | D:3      | Found a glowing golden altar of the Shining One.
  3129 | D:4      | Reached skill level 1 in Poison Magic
  3264 | D:4      | Found a staircase to the Ecumenical Temple.
  3281 | Temple   | Entered the Ecumenical Temple
  3468 | D:4      | Found a burning altar of Makhleb.
  3469 | D:4      | Noticed a lemure
  3469 | D:4      | Noticed an ogre
  3469 | D:4      | Noticed a lemure
  3755 | D:4      | Noticed Pikel
  3772 | D:4      | Noticed a lemure
  3774 | D:4      | Noticed a lemure
  3775 | D:4      | Killed Pikel
  3776 | D:4      | Reached skill level 5 in Dodging
  3776 | D:4      | Reached skill level 5 in Spellcasting
  3776 | D:4      | Reached skill level 5 in Fire Magic
  3776 | D:4      | Reached XP level 6. HP: 18/32 MP: 5/16
  3776 | D:4      | Reached XP level 7. HP: 21/36 MP: 5/17
  3899 | D:4      | Reached skill level 6 in Spellcasting
  4117 | D:4      | Found a blossoming altar of Fedhas.
  4630 | D:5      | Entered Level 5 of the Dungeon
  4728 | D:5      | Reached XP level 8. HP: 41/41 MP: 19/19
  4826 | D:5      | Reached skill level 5 in Conjurations
  5057 | D:5      | Reached skill level 7 in Spellcasting
  6118 | D:6      | Found an ancient bone altar of Kikubaaqudgha.
  6124 | D:6      | Reached skill level 8 in Spellcasting
  6124 | D:6      | Reached XP level 9. HP: 45/45 MP: 23/23
  6286 | D:6      | Noticed Blork the orc
  6296 | D:6      | Killed Blork the orc
  6666 | D:6      | Learned a level 5 spell: Freezing Cloud
  6673 | D:6      | Learned a level 6 spell: Starburst
  6884 | D:7      | Found an ornate altar of the Wu Jian Council.
  7058 | D:7      | Reached skill level 1 in Ice Magic
  7294 | D:7      | Identified the +8 arbalest of Woe {speed, rElec rN++}
  7357 | D:7      | Found a runed translucent gate.
  7360 | D:7      | Found a runed translucent gate.
  7361 | D:7      | Found a runed translucent gate.
  7375 | D:7      | Noticed PaleRider's ghost (novice OpTm)
  7375 | D:7      | Noticed Xtruder99's ghost (novice OpFi)
  7639 | D:7      | Found a radiant altar of Vehumet.
  7642 | D:7      | Became a worshipper of Vehumet
  8122 | D:8      | Noticed a two-headed ogre
  8147 | D:8      | Killed a two-headed ogre
  8173 | D:8      | Reached skill level 9 in Spellcasting
  8467 | D:8      | Reached XP level 10. HP: 50/50 MP: 25/25
  8550 | D:8      | Found a hide-covered altar of Uskayaw.
  8608 | D:8      | Found Ymothoss's Assorted Antiques.
  8609 | D:8      | Found Ykhiwkid's Assorted Antiques.
  8610 | D:8      | Found Bop Itez's Jewellery Shoppe.
  8716 | D:8      | Identified the +4 chain mail of Rantorur {Int+3}
  8782 | D:8      | Reached skill level 5 in Ice Magic
  9564 | D:9      | Reached skill level 10 in Spellcasting
  9861 | D:9      | Found Foawn's Jewellery Shop.
  9910 | D:9      | Noticed a two-headed ogre
  9914 | D:9      | Reached * piety under Vehumet
  9914 | D:9      | Offered knowledge of Shock by Vehumet.
  9920 | D:9      | Killed a two-headed ogre
 10611 | D:10     | Entered Level 10 of the Dungeon
 10751 | D:10     | Reached XP level 11. HP: 54/54 MP: 23/27
 10841 | D:10     | Found a shadowy altar of Dithmenos.
 10891 | D:10     | Noticed a two-headed ogre
 10900 | D:10     | Killed a two-headed ogre
 10901 | D:10     | Reached skill level 10 in Dodging
 10901 | D:10     | Reached skill level 11 in Spellcasting
 11031 | D:10     | Noticed Sonja
 11042 | D:10     | Killed Sonja
 11204 | D:10     | Reached skill level 10 in Fire Magic
 11295 | D:10     | Offered knowledge of Momentum Strike by Vehumet.
 11344 | D:10     | Reached ** piety under Vehumet
 11429 | D:10     | Found a stormy altar of Qazlal.
 11460 | D:10     | Found a staircase to the Lair.
 11579 | D:10     | Noticed a two-headed ogre
 11588 | D:10     | Killed a two-headed ogre
 12064 | D:10     | Learned a level 4 spell: Olgreb's Toxic Radiance
 12145 | Lair:1   | Entered Level 1 of the Lair of Beasts
 12203 | Lair:1   | Reached skill level 5 in Air Magic
 12705 | Lair:1   | Noticed Erica
 12827 | Lair:1   | Killed Erica
 12828 | Lair:1   | Reached skill level 12 in Spellcasting
 12951 | Lair:1   | Noticed an oklob plant
 13324 | Lair:1   | Reached XP level 12. HP: 59/59 MP: 23/30
 13766 | Lair:1   | Reached skill level 10 in Conjurations
 14111 | Lair:2   | Reached skill level 5 in Poison Magic
 14690 | Lair:3   | Found a staircase to the Swamp.
 14695 | Lair:3   | Offered knowledge of Static Discharge by Vehumet.
 14998 | Lair:3   | You fall into a shaft and drop 2 floors!
 14998 | Lair:5   | Entered Level 5 of the Lair of Beasts
 15004 | Lair:5   | Reached *** piety under Vehumet
 15141 | Lair:5   | Noticed a death yak
 15141 | Lair:5   | Noticed a death yak
 15159 | Lair:5   | Killed a death yak
 15297 | Lair:5   | Reached skill level 13 in Spellcasting
 15415 | Lair:5   | Noticed a death yak
 15517 | Lair:5   | Noticed a death yak
 15518 | Lair:5   | Noticed a death yak
 15520 | Lair:5   | Noticed a death yak
 15523 | Lair:5   | Killed a death yak
 15528 | Lair:5   | Killed a death yak
 15528 | Lair:5   | Killed a death yak
 15529 | Lair:5   | Killed a death yak
 15531 | Lair:5   | Killed a death yak
 15663 | Lair:5   | Noticed a four-headed hydra
 15719 | Lair:5   | Killed a four-headed hydra
 15720 | Lair:5   | Reached XP level 13. HP: 63/63 MP: 32/32
 15804 | Lair:4   | Offered knowledge of Ignite Poison by Vehumet.
 15831 | Lair:4   | Learned a level 3 spell: Ignite Poison
 15834 | Lair:3   | Found a hole to the Spider Nest.
 16514 | Lair:3   | Reached skill level 14 in Spellcasting
 18169 | D:3      | Bought a bone dagger for 175 gold pieces
 18169 | D:3      | Identified the +10 dagger "Undertaker" {drain, rN+ Dex+3}
                  | (You bought it in a shop on level 3 of the Dungeon)
 18230 | D:3      | Bought a fabulously ornate robe for 159 gold pieces
 18230 | D:3      | Identified the +2 robe of Igettastargh {*Corrode rPois
                  | Str+6} (You bought it in a shop on level 3 of the Dungeon)
 19476 | Lair:4   | Noticed Josephine
 19483 | Lair:4   | Killed Josephine
 19487 | Lair:4   | Reached **** piety under Vehumet
 19837 | Lair:4   | Noticed Kirke
 19845 | Lair:4   | Killed Kirke
 19845 | Lair:4   | Offered knowledge of Frozen Ramparts by Vehumet.
 20417 | Lair:4   | Reached skill level 15 in Spellcasting
 20422 | Lair:4   | Found a viscous altar of Jiyva.
 20491 | Lair:4   | Found a staircase to the Slime Pits.
 21556 | Lair:4   | Reached XP level 14. HP: 19/68 MP: 35/35
 22002 | Slime:1  | Entered Level 1 of the Pits of Slime
 22002 | Slime:1  | Noticed a rockslime
 22002 | Slime:1  | Noticed an acid blob
 23092 | Lair:5   | Reached ***** piety under Vehumet
 23096 | Lair:5   | Offered knowledge of Fireball by Vehumet.
 23103 | Lair:5   | Learned a level 5 spell: Fireball
 23547 | Lair:5   | Identified a scroll of acquirement
 23553 | Lair:5   | Acquired the +5 demon whip of Xom's Indignation {heavy,
                  | Str+2 SInv Stlth+}
 24066 | D:11     | Identified the +7 flail "Killer Bee's Doom" {antimagic,
                  | rCorr}
 24543 | D:11     | Found a blossoming altar of Fedhas.
 24613 | D:11     | Found a staircase to the Orcish Mines.
 24909 | D:11     | Found Nerura's Antique Weapon Shoppe.
 25059 | Orc:1    | Entered Level 1 of the Orcish Mines
 25277 | Orc:2    | Entered Level 2 of the Orcish Mines
 25277 | Orc:2    | Noticed Snorg
 25282 | Orc:2    | Killed Snorg
 25283 | Orc:2    | Reached skill level 16 in Spellcasting
 25519 | Orc:2    | Noticed Azrael
 25524 | Orc:2    | Killed Azrael
 25894 | Orc:2    | Found Gelum's Weapon Emporium.
 25897 | Orc:2    | Noticed Maurice
 25902 | Orc:2    | Killed Maurice
 26032 | Orc:2    | Reached skill level 15 in Dodging
 26312 | Orc:2    | Found a staircase to the Elven Halls.
 27920 | Orc:2    | Found Joubed's Armour Shop.
 27920 | Orc:2    | Found Eruad's Armour Shop.
 27921 | Orc:2    | Found Tunec's Jewellery Shoppe.
 27921 | Orc:2    | Found Qoitao Erek's Antique Armour Shoppe.
 28718 | Orc:2    | Bought a fine robe for 159 gold pieces
 28718 | Orc:2    | Identified the +1 robe "Ynyoc" {rElec rC- Str+4 Dex+3} (You
                  | bought it in a shop on level 2 of the Orcish Mines)
 28718 | Orc:2    | Bought a shimmering robe for 159 gold pieces
 28718 | Orc:2    | Identified the +2 robe "Veta" {Rampage Int+3 Dex-5} (You
                  | bought it in a shop on level 2 of the Orcish Mines)
 28754 | Elf:1    | Entered Level 1 of the Elven Halls
 29336 | Elf:1    | Offered knowledge of Sticky Flame by Vehumet.
 29500 | Elf:1    | Reached XP level 15. HP: 50/72 MP: 34/37
 31499 | D:12     | Found an opulent altar of Gozag.
 32018 | D:12     | Reached skill level 17 in Spellcasting
 32456 | D:13     | Identified the +2 morningstar of Wisdom {freeze, rElec}
 32534 | D:13     | Noticed Rupert
 32536 | D:13     | Paralysed by Rupert for 3 turns
 32546 | D:13     | Killed Rupert
 33610 | D:14     | Offered knowledge of Irradiate by Vehumet.
 34032 | D:14     | Reached skill level 15 in Fire Magic
 34449 | D:14     | Noticed Frances
 34580 | D:14     | Found a shimmering altar of Xom.
 34832 | D:14     | Learned a level 5 spell: Lee's Rapid Deconstruction
 35211 | Lair:1   | Reached skill level 1 in Earth Magic
 35572 | Spider:1 | Entered Level 1 of the Spider Nest
 37332 | Spider:1 | Noticed Mlioglotl
 38582 | Elf:1    | Reached skill level 5 in Earth Magic
 38657 | Elf:1    | Offered knowledge of Orb of Destruction by Vehumet.
 38738 | Elf:1    | Learned a level 7 spell: Orb of Destruction
 38876 | Elf:1    | Reached skill level 15 in Conjurations
 39043 | Elf:2    | Reached skill level 18 in Spellcasting
 39043 | Elf:2    | Reached XP level 16. HP: 76/76 MP: 19/40
 39418 | Elf:2    | Noticed an Ice Fiend
 39418 | Elf:2    | Paralysed by an air elemental for 1 turns
 39422 | Elf:2    | Slain by a deep elf demonologist

Illustrated notes

Levels and vault maps discovered:
D:1:      minmay_arrival_three_doors, layout_basic
D:2:      layout_loops_ring, shapermc_ecumenical_altar_gd, uniq_jessica
D:3:      minmay_general_purpose_star, layout_basic,
          nicolae_tso_swordbearing_angel, old_standard_altar, serial_shops,
          nicolae_shop_rolling_square, nicolae_square_shop, shop
D:4:      layout_loops_ring, mainiacjoe_overflow_catch_the_wave,
          minmay_temple_entry_wispy, kennysheep_generic_room_2, uniq_pikel
D:5:      layout_loops_cross
D:6:      layout_basic, kiku_gazebo_pond_becter, nicolae_sextant,
          palyth_stone_intersect, kennysheep_generic_room_11, uniq_blork_the_orc
D:7:      layout_loops_corners, nzn_wu_jian_contemplation, kennysheep_mini_moat,
          gammafunk_ghost_cemetery
D:8:      layout_rooms, lemuel_tele_altar, nicolae_shop_distant_corner_stores
D:9:      layout_loops_ring, serial_shops, nicolae_shop_hallway_plus,
          nicolae_two_hexagons
D:10:     layout_loops_ring, grunt_dithmenos_shadows, grunt_qazlal_clouds,
          minmay_lair_entry_grove, uniq_sonja
D:11:     layout_basic, minmay_orc_entry_temple_small, serial_shops, shop,
          fedhas_altar_2
D:12:     layout_roguey [special_room_orc], grunt_gozag_breadcrumbs
D:13:     layout_irregular_city, uniq_rupert
D:14:     nzn_motion_control, layout_gridville, erik_vaults_1, xom_teletrap_fun,
          chequers_mini_garden, nemelex_lonely_heart_becter, uniq_frances
Temple:   hellmonk_temple_forest_ring
Lair:1:   minmay_lair_oklob_tunnel, layout_cave_pods,
          infiniplex_staircase_pool_2, uniq_erica
Lair:2:   layout_misc_corridors, grunt_megastairs_1, lemuel_fruit_tree
Lair:3:   nzn_winding_woodlands_cross [nzn_winding_woodlands_5x15_longhouse,
          nzn_winding_woodlands_5x15_lazy_stream,
          nzn_winding_woodlands_5x15_sidewinder,
          nzn_winding_woodlands_5x15_concentric,
          nzn_winding_woodlands_15x15_boxy_spiral], layout_cave_pods,
          minmay_swamp_entry_worms, spider_nest_entry_rubble
Lair:4:   minmay_lair_oklob_chamber, layout_cave_pods,
          nicolae_slime_entry_field_trip, uniq_kirke, uniq_josephine
Lair:5:   hangedman_lair_tendril_chambers, layout_gridlike
Spider:1: layout_chambers, hangedman_spider_tarantella_strand, uniq_mlioglotl
Slime:1:  layout_caves
Orc:1:    layout_caves, dreamdust_deal_with_the_devil, mines_bat_river
Orc:2:    st_orc_elflike, layout_caves, serial_shops,
          nicolae_shop_bloodbath_and_beyond, uniq_snorg, uniq_azrael,
          uniq_maurice
Elf:1:    layout_loops_ring, hangedman_elf_represent
Elf:2:    nicolae_elf_blades_splatter_lattice [nicolae_blade_lattice],
          layout_geoelf_octagon, serial_shops, shop,
          nicolae_elf_free_trip_to_the_abyss

Skill      XL: |  1  2  3  4  5  6  7  8  9 10 11 12 13 14 15 |
---------------+----------------------------------------------+-----
Dodging        | 3 5 7 8 9 11 12 14 15 16 | 16.7
Conjurations   | 2 4 6 7 8 9 11 12 14 15 | 15.4
Fire Magic     | 4 5 6 7 8 9 10 12 13 14 15 | 15.7
Spellcasting   | 4 5 6 8 9 10 12 13 15 16 18 | 18.1
Poison Magic   | 2 3 5 |  5.0
Ice Magic      | 4 5 |  5.0
Air Magic      | 2 5 |  5.0
Earth Magic    | 5 |  5.1
Stealth        | |  2.4

Action                     |  1- 3 |  4- 6 |  7- 9 | 10-12 | 13-15 | 16-18 || total
---------------------------+-------+-------+-------+-------+-------+-------++-------
  Melee: Demon whip        |       |       |       |       |     7 |       ||     7
   Fire: Arbalest          |       |       |     2 |     1 |       |       ||     3
   Cast: Foxfire           |    64 |    65 |    95 |    80 |    34 |       ||   338
         Scorch            |    12 |    30 |    85 |    84 |   122 |       ||   333
         Flame Wave        |       |     1 |     6 |    13 |     4 |       ||    24
         Mephitic Cloud    |       |       |     1 |    11 |    22 |     1 ||    35
         Starburst         |       |       |       |    51 |    52 |     3 ||   106
         Freezing Cloud    |       |       |       |    42 |   279 |     4 ||   325
         Olgreb's Toxic Ra |       |       |       |    14 |   135 |     2 ||   151
         Ignite Poison     |       |       |       |       |    56 |     3 ||    59
         Fireball          |       |       |       |       |    33 |     3 ||    36
         Orb of Destructio |       |       |       |       |     4 |     5 ||     9
         Lee's Rapid Decon |       |       |       |       |     2 |       ||     2
  Evoke: Wand              |       |       |       |       |     2 |       ||     2
    Use: Scroll            |       |       |       |    18 |    19 |     2 ||    39
         Potion            |       |       |       |     3 |     5 |     3 ||    11
 Armour: Robe              |       |     3 |     6 |     6 |    16 |     1 ||    32
  Dodge: Dodged            |     2 |     9 |    27 |    33 |    70 |     9 ||   150
  Block: Other             |       |       |     4 |     5 |    25 |       ||    34
         Reflection        |       |       |     2 |     1 |     3 |       ||     6

Table legend: (Time is in decaauts)
 A = Elapsed time spent in this place.
 B = Non-inter-level travel time spent in this place.
 C = Inter-level travel time spent in this place.
 D = Time resting spent in this place.
 E = Time spent auto-exploring this place.
 F = Levels seen in this place.
 G = Mean time per level.
                   A        B        C        D        E       F      G
               +--------+--------+--------+--------+--------+-----+--------+
         Total |  39497 |  36911 |   2586 |  15872 |  14467 |  26 | 1519.1 |
       Dungeon |  18816 |  17281 |   1535 |   4799 |  10130 |  14 | 1344.0 |
        Temple |    163 |    146 |     17 |      0 |    136 |   1 |  163.0 |
          Lair |  11731 |  11086 |    645 |   6012 |   3509 |   5 | 2346.2 |
   Spider Nest |   2140 |   2093 |     47 |   1155 |     75 |   1 | 2140.0 |
    Slime Pits |      1 |      1 |      0 |      0 |      0 |   1 |    1.0 |
  Orcish Mines |   3981 |   3667 |    314 |   2185 |    448 |   2 | 1990.5 |
   Elven Halls |   2661 |   2635 |     26 |   1720 |    168 |   2 | 1330.5 |
               +--------+--------+--------+--------+--------+-----+--------+

Top non-repeatable levels by time:
  Lair:3: 3649 daAuts
   Orc:2: 3344 daAuts
  Lair:4: 2511 daAuts
  Lair:1: 2458 daAuts
   Elf:1: 2385 daAuts
  Lair:5: 2361 daAuts
    D:12: 2163 daAuts
Spider:1: 2140 daAuts
    D:10: 1980 daAuts
     D:7: 1615 daAuts
     D:4: 1507 daAuts
    D:14: 1362 daAuts
    D:13: 1329 daAuts
     D:9: 1318 daAuts
     D:6: 1224 daAuts
